 Dungeon Crawl Stone Soup version 0.26-a0-540-g8a0c9464d7 (webtiles) character file.

Game seed: 18266361323992727572

2 vurker the Cudgeler (level 1, 0/18 HPs)
             Began as a Gnoll Chaos Knight on Aug 23, 2020.
             Slain by a rat (1 damage)
             ... on level 1 of the Dungeon.
             The game lasted 00:00:17 (142 turns).

vurker the Cudgeler (Gnoll Chaos Knight)             Turns: 142, Time: 00:00:17

Health: 0/18       AC:  5    Str: 14    XL:     1   Next: 40%
Magic:  1/1        EV: 12    Int: 14    God:
Gold:   0          SH:  0    Dex: 14    Spells: 0/0 levels left

rFire    . . .     SeeInvis .   a - +0 mace (chaos)
rCold    . . .     Faith    .   (no shield)
rNeg     . . .     Spirit   .   b - +2 leather armour
rPois    .         Reflect  .   (no helmet)
rElec    .         Harm     .   (no cloak)
rCorr    .         Rnd*Rage +   (no gloves)
MR       .....                  (no boots)
Stlth    +.........             (no amulet)
HPRegen  0.06/turn              (no ring)
MPRegen  0.07/turn              (no ring)

@: no status effects
A: distributed training, fangs 1, berserk 1, frail 2, strong nose
a: no special abilities


You were on level 1 of the Dungeon.
You visited 1 branch of the dungeon, and saw 1 of its levels.

Inventory:

Hand Weapons
 a - a +0 mace of chaos (weapon)
Armour
 b - a +2 leather armour (worn)
Scrolls
 c - a scroll of identify {unknown}


   Skills:
 + Level 6.4 Fighting
 + Level 0.0 Short Blades
 + Level 0.0 Long Blades
 + Level 0.0 Axes
 + Level 6.4 Maces & Flails
 + Level 0.0 Polearms
 + Level 0.0 Staves
 + Level 0.0 Slings
 + Level 0.0 Bows
 + Level 0.0 Crossbows
 + Level 0.0 Throwing
 + Level 4.4 Armour
 + Level 2.3 Dodging
 + Level 0.0 Stealth
 + Level 0.0 Shields
 + Level 0.0 Unarmed Combat
 + Level 0.0 Spellcasting
 + Level 0.0 Conjurations
 + Level 0.0 Hexes
 + Level 0.0 Summonings
 + Level 0.0 Necromancy
 + Level 0.0 Translocations
 + Level 0.0 Transmutations
 + Level 0.0 Fire Magic
 + Level 0.0 Ice Magic
 + Level 0.0 Air Magic
 + Level 0.0 Earth Magic
 + Level 0.0 Poison Magic
   Level 0.1 Invocations
 + Level 0.0 Evocations


You couldn't memorise any spells.
You didn't know any spells.
Your spell library was empty.

Dungeon Overview and Level Annotations

Branches:
Dungeon (1/15)

Altars:


Innate Abilities, Weirdness & Mutations

Your experience applies equally to all skills.
You have very sharp teeth.
Your uncanny sense of smell can sniff out nearby items.
You tend to lose your temper in combat.
You are very frail. (-20% HP)


Message History

You kill the rat!
The frilled lizard bites you.
You thump the frilled lizard!
You kill the frilled lizard!
No target in view!
No target in view!
No target in view!
No target in view!
No target in view!
No target in view!
You open the door.
There is an open door here.
You hear Xom's avuncular chuckle.
Your body is suffused with distortional energy.
You feel a little pissed off.
You feel frail. x2
A rat comes into view.
Found a cyan potion.
A rat is nearby!
A rat is nearby!
A bat, a rat and a gnoll come into view.
The gnoll shouts!
The bat barely misses you. The bat hits you but does no damage.
The rat barely misses you.
You hit the bat but do no damage. The bat hits you but does no damage.
The rat barely misses you.
You hit the rat. You burn the rat.
You kill the rat!
The bat hits you but does no damage. The rat bites you but does no damage.
You barely miss the bat. The bat hits you but does no damage. x2
The rat barely misses you.
You closely miss the bat.
The bat misses you. x2; The bat hits you.
The rat bites you but does no damage. The bat barely misses you.
You hit the bat. You burn the bat.
You kill the bat!
The rat barely misses you.
You hit the gnoll but do no damage. The rat closely misses you.
The gnoll closely misses you.
You barely miss the gnoll. The rat misses you. The gnoll barely misses you.
You hit the gnoll but do no damage. The rat barely misses you.
The gnoll hits you with a +0 flail.
You closely miss the gnoll. You bite the gnoll, but do no damage.
The rat closely misses you. The gnoll barely misses you. The rat bites you.
You hit the gnoll but do no damage. You bite the gnoll, but do no damage.
The gnoll hits you with a +0 flail!
Ouch! That really hurt!
* * * LOW HITPOINT WARNING * * *
The rat barely misses you.
You barely miss the gnoll. You bite the gnoll. The rat bites you.
You die...
Xom titters!

#. .# ###.##.#
#......#
#.!....#
#......#
#......#
#..gr..# #@#
#.# #.# ∆ ∆
#.# #.# #.# ##
#.#### ####.
#########....#
∆ ###....
#............#
∆##.....#


You could see a gnoll and a rat.

Vanquished Creatures
  A bat (D:1)
  A frilled lizard (D:1)
  2 rats (D:1)
4 creatures vanquished.

Notes
Turn   | Place    | Note
-------+----------+-------------------------------------------
     0 | D:1      | vurker the Gnoll Chaos Knight began the quest for the Orb.
     0 | D:1      | Reached XP level 1. HP: 23/23 MP: 1/1
     0 | D:1      | Fell from the grace of Xom
   109 | D:1      | XOM: give mutations
   109 | D:1      | Gained mutation: You tend to lose your temper in combat.
                  | [Xom's mischief]
   109 | D:1      | Gained mutation: You are frail. (-10% HP) [Xom's mischief]
   109 | D:1      | Gained mutation: You are very frail. (-20% HP) [Xom's
                  | mischief]
   142 | D:1      | Slain by a rat

Illustrated notes

Levels and vault maps discovered:
D:1:      dpeg_arrival_circle_labyrinth_c, layout_basic, minmay_pentomino_p2

Action                   || total
-------------------------++-------
Melee: Mace              ||    14
       Bite              ||     3
Invok: Renounce Religion ||     1
Armor: Leather armour    ||     8
Dodge: Dodged            ||    17

Table legend: (Time is in decaauts)
 A = Elapsed time spent in this place.
 B = Non-inter-level travel time spent in this place.
 C = Inter-level travel time spent in this place.
 D = Time resting spent in this place.
 E = Time spent auto-exploring this place.
 F = Levels seen in this place.
 G = Mean time per level.
                   A        B        C        D        E       F      G
               +--------+--------+--------+--------+--------+-----+--------+
         Total |    143 |    143 |      0 |      0 |    117 |   1 |  143.0 |
       Dungeon |    143 |    143 |      0 |      0 |    117 |   1 |  143.0 |
               +--------+--------+--------+--------+--------+-----+--------+

Top non-repeatable levels by time:
     D:1: 143 daAuts
